 Dungeon Crawl Stone Soup version 0.29.1-2-gbd0b4ee654 (webtiles) character file.

Game seed: 3679403221950793079

47 NinjaNoafa the Gusty (level 3, -3/19 HPs)
             Began as a Tengu Air Elementalist on Nov 14, 2022.
             Slain by Ijyb
             ... wielding a +0 dagger
              (5 damage)
             ... on level 3 of the Dungeon on Nov 15, 2022.
             The game lasted 00:06:15 (1958 turns).

NinjaNoafa the Gusty (Tengu Air Elementalist)       Turns: 1958, Time: 00:06:15

Health: -3/19      AC:  2    Str:  8    XL:     3   Next: 70%
Magic:  8/8        EV: 12    Int: 17    God:
Gold:   76         SH:  0    Dex: 14    Spells: 6/7 levels left

rFire   . . .      SeeInvis .   f - +0 dagger
rCold   . . .      Faith    .   (no shield)
rNeg    . . .      Spirit   .   a - +0 robe
rPois   .          Reflect  .   (helmet restricted)
rElec   .          Harm     .   (no cloak)
rCorr   .          Rampage  .   (no gloves)
Will    .....                   (boots unavailable)
Stlth   ++........              (no amulet)
HPRegen 0.06/turn               (no ring)
MPRegen 0.11/turn               (no ring)

@: no status effects
A: beak, talons 3
a: no special abilities


You were on level 3 of the Dungeon.
You visited 1 branch of the dungeon, and saw 3 of its levels.

You collected 102 gold pieces.
You spent 26 gold pieces at shops.

Inventory:

Hand Weapons
 f - a +0 dagger (weapon)
Missiles
 g - 37 stones
Armour
 a - a +0 robe (worn)
Jewellery
 j - a ring of willpower
Scrolls
 i - a scroll of immolation {unknown}
Potions
 c - a potion of ambrosia
 d - a potion of curing {unknown}
 e - 2 potions of heal wounds {unknown}
 h - a potion of invisibility {unknown}


   Skills:
 - Level 2.1 Dodging
 - Level 2.0 Stealth
 * Level 2.9 Spellcasting
 + Level 2.6 Conjurations
 + Level 4.6 Air Magic


You had 6 spell levels left.
You knew the following spells:

 Your Spells              Type           Power      Damage    Failure   Level
a - Shock                 Conj/Air       56%        1d6       4%          1

Your spell library contained the following spells:

 Spells                   Type           Power      Damage    Failure   Level
 Static Discharge         Conj/Air       14%        3-5/arc   6%          2
 Swiftness                Air            18%        N/A       8%          3
 Airstrike                Air            9%         2d(2-18)  26%         4


Dungeon Overview and Level Annotations

Branches:
Dungeon (3/15)

Altars:

Shops:
D:1 [!?:

Annotations:
D:3 Ijyb


Innate Abilities, Weirdness & Mutations

You have a beak for a mouth.
You have claws for feet.


Message History

The zap hits Ijyb but does no damage.
The zap hits Ijyb.
Ijyb is lightly wounded.
Ijyb zaps a wand.
The puff of flame hits you!
* * * LOW HITPOINT WARNING * * *
Unknown command.
Casting: Shock (safe; 4% risk of failure)
Confirm with . or Enter, or press ? or * to list all spells.
Aiming: Shock (safe; 4% risk of failure)
Press: ? - help, Shift-Dir - straight line, f/p - Ijyb
Aim: Ijyb, wielding a +0 dagger, wearing a +0 scale mail and carrying a wand of flame (17) (lightly wounded, 68% to hit)
The zap hits Ijyb.
Ijyb is moderately wounded.
Casting: Shock (safe; 4% risk of failure)
Confirm with . or Enter, or press ? or * to list all spells.
Aiming: Shock (safe; 4% risk of failure)
Press: ? - help, Shift-Dir - straight line, f/p - Ijyb
Aim: Ijyb, wielding a +0 dagger, wearing a +0 scale mail and carrying a wand of flame (17) (moderately wounded, 68% to hit)
The zap hits Ijyb but does no damage.
Ijyb is moderately wounded.
Casting: Shock (safe; 4% risk of failure)
Confirm with . or Enter, or press ? or * to list all spells.
Aiming: Shock (safe; 4% risk of failure)
Press: ? - help, Shift-Dir - straight line, f/p - Ijyb
Aim: Ijyb, wielding a +0 dagger, wearing a +0 scale mail and carrying a wand of flame (17) (moderately wounded, 68% to hit)
The zap hits Ijyb.
Ijyb is moderately wounded.
Ijyb zaps a wand.
The puff of flame misses you.
Casting: Shock (safe; 4% risk of failure)
Confirm with . or Enter, or press ? or * to list all spells.
Aiming: Shock (safe; 4% risk of failure)
Press: ? - help, Shift-Dir - straight line, f/p - Ijyb
Aim: Ijyb, wielding a +0 dagger, wearing a +0 scale mail and carrying a wand of flame (16) (moderately wounded, 68% to hit)
The zap misses Ijyb.
You closely miss Ijyb. Your kick misses Ijyb.
Ijyb is moderately wounded.
Ijyb hits you with a +0 dagger.
* * * LOW HITPOINT WARNING * * *
Magic courses through your body. Ijyb hits you with a +0 dagger.
You die...

### ... #.# #.# #.#
##.## ######.@g#####
#..............
#.####...#####. #.#
##.## #.# #<######..
#.# #.........
#.#####.#####.########
#.............#
.>......#######


You could see Ijyb.

Vanquished Creatures
  2 worms (D:2)
  A dart slug (D:1)
  4 ball pythons (D:1)
  3 bats
  4 endoplasms
  2 giant cockroaches
  2 goblins (D:1)
  3 hobgoblins
  A kobold (D:1)
  2 quokkas (D:1)
  8 frilled lizards
  6 rats
38 creatures vanquished.

Notes
Turn   | Place    | Note
-------+----------+-------------------------------------------
     0 | D:1      | NinjaNoafa the Tengu Air Elementalist began the quest for
                  | the Orb.
     0 | D:1      | Reached XP level 1. HP: 10/10 MP: 4/4
    15 | D:1      | Found Guphus's Distillery.
   254 | D:1      | Reached XP level 2. HP: 15/15 MP: 3/6
   255 | D:1      | Found Ymukkuar's Magic Scroll Shop.
   306 | D:1      | Bought a scroll of identify for 26 gold pieces
   383 | D:1      | Found Poaf's Book Emporium.
   733 | D:1      | Reached XP level 3. HP: 19/19 MP: 5/7
   838 | D:1      | Found Wuguiski's Antique Armour Shop.
  1948 | D:3      | Noticed Ijyb
  1958 | D:3      | Slain by Ijyb

Illustrated notes

Levels and vault maps discovered:
D:1:      dpeg_arrival_pits, layout_rooms, serial_shops, shop,
          nicolae_shop_statue_plus, shop_statue, shop
D:2:      layout_loops_cross, grunt_decor_clamped
D:3:      layout_loops_ring, shapermc_ecumenical_altar_starsandcircs,
          chequers_serial_rivers_marsh, minmay_goblin_outpost, uniq_ijyb

Skill      XL: |  1  2 |
---------------+-------+-----
Conjurations   | 2 |  2.6
Dodging        | |  2.1
Stealth        | |  2.0
Spellcasting   | |  2.9
Air Magic      | |  4.6

Action                   || total
-------------------------++-------
Melee: Unarmed           ||     4
       Kick              ||     5
       Dagger            ||    13
 Cast: Shock             ||    79
  Use: Scroll            ||     1
       Potion            ||     1
Armor: Robe              ||     8
Dodge: Dodged            ||    12
